TOP OF THE 1ST |
Chicago (WIN) White Sox batting - Pitching for Asheville Tourists : LHP Marc Eismann
|
Pitching: LHP Marc Eismann
|
|
Batting: LHB John Thurman
|
0-0: Ball 1-0: Ball 2-0: Ball 3-0: Called Strike 3-1: Base on Balls
|
Batting: LHB Hirakito Herring
|
0-0: Called Strike 0-1: Foul Ball, location: 2F 0-2: Ball 1-2: Ball 2-2: SINGLE (Groundball, 3S, EV 67.5 MPH) (infield hit) John Thurman to second
|
Batting: RHB Brad Boals
|
0-0: Foul Ball, location: 2F 0-1: Fly out, F2 (Popup, 2R, EV 96.2 MPH)
|
Batting: RHB Jason Moss
|
0-0: Called Strike 0-1: Swinging Strike 0-2: Ball 1-2: Strikes out swinging
|
Batting: LHB Angel Tellez
|
0-0: Ball 1-0: Swinging Strike 1-1: Foul Ball, location: 2F 1-2: Foul Ball, location: 2F 1-2: Ball 2-2: Ball 3-2: Strikes out swinging
|
Top of the 1st over - 0 runs, 1 hit, 0 errors, 2 left on base; Chicago (WIN) 0 - Asheville 0 |
BOTTOM OF THE 1ST |
Asheville Tourists batting - Pitching for Chicago (WIN) White Sox : RHP Allen Speidel
|
Pitching: RHP Allen Speidel
|
|
Batting: LHB Freddy Troncoso
|
0-0: Swinging Strike 0-1: Swinging Strike 0-2: Strikes out swinging
|
Batting: LHB Steve Gilliam
|
0-0: Called Strike 0-1: SINGLE (Groundball, 56S, EV 68.1 MPH) (infield hit)
|
Batting: SHB Andy Vivas
|
0-0: Swinging Strike 0-1: Called Strike 0-2: Strikes out looking
|
Batting: LHB Zack Guillen
|
0-0: Ball 1-0: Ball 2-0: Called Strike Steve Gilliam is caught stealing 2nd base 2-6
|
Bottom of the 1st over - 0 runs, 1 hit, 0 errors, 0 left on base; Chicago (WIN) 0 - Asheville 0 |
TOP OF THE 2ND |
Chicago (WIN) White Sox batting - Pitching for Asheville Tourists : LHP Marc Eismann
|
Batting: RHB Danny Longoria
|
0-0: Ball 1-0: Ball 2-0: Ball 3-0: Base on Balls
|
Batting: LHB Ryan Dyal
|
0-0: Ball 1-0: Ball 2-0: Fly out, F8 (Line Drive, 78M, EV 101.9 MPH)
|
Batting: RHB Jose Medina
|
0-0: Called Strike 0-1: Foul Ball, location: 2F 0-2: Ball 1-2: Foul Ball, location: 2F 1-2: SINGLE (Line Drive, 8RS, EV 105.0 MPH) Danny Longoria to second
|
Batting: RHB John Iddings
|
0-0: Called Strike 0-1: Swinging Strike 0-2: Ball 1-2: Strikes out looking
|
Batting: LHB John Thurman
|
0-0: Fly out, F9 (Flyball, 9D, EV 83.1 MPH)
|
Top of the 2nd over - 0 runs, 1 hit, 0 errors, 2 left on base; Chicago (WIN) 0 - Asheville 0 |
BOTTOM OF THE 2ND |
Asheville Tourists batting - Pitching for Chicago (WIN) White Sox : RHP Allen Speidel
|
Batting: LHB Zack Guillen
|
0-0: Ball 1-0: Ball 2-0: Ball 3-0: Base on Balls
|
Batting: LHB Michael Krott
|
0-0: Foul Ball, location: 2F 0-1: Ball 1-1: Foul Ball, location: 2F 1-2: Ball 2-2: Fly out, F7 (Flyball, 7D, EV 101.9 MPH)
|
Batting: RHB Ernest Olkowicz
|
0-0: Ball 1-0: Fly out, F9 (Line Drive, 89M, EV 93.1 MPH)
|
Batting: LHB Ryan Rodgers
|
0-0: Called Strike 0-1: Ball 1-1: Ground out U3 (Groundball, 3L, EV 96.2 MPH)
|
Bottom of the 2nd over - 0 runs, 0 hits, 0 errors, 1 left on base; Chicago (WIN) 0 - Asheville 0 |
TOP OF THE 3RD |
Chicago (WIN) White Sox batting - Pitching for Asheville Tourists : LHP Marc Eismann
|
Batting: LHB Hirakito Herring
|
0-0: Ball 1-0: Ball 2-0: Foul Ball, location: 2F 2-1: Ball 3-1: Foul Ball, location: 2F 3-2: Foul Ball, location: 2F 3-2: Strikes out looking
|
Batting: RHB Brad Boals
|
0-0: Ball 1-0: Swinging Strike 1-1: Called Strike 1-2: Fly out, F8 (Flyball, 8RD, EV 84.4 MPH)
|
Batting: RHB Jason Moss
|
0-0: Ball 1-0: Ball 2-0: Swinging Strike 2-1: Ball 3-1: Called Strike 3-2: Foul Ball, location: 2F 3-2: Foul Ball, location: 2F 3-2: Strikes out swinging
|
Top of the 3rd over - 0 runs, 0 hits, 0 errors, 0 left on base; Chicago (WIN) 0 - Asheville 0 |
BOTTOM OF THE 3RD |
Asheville Tourists batting - Pitching for Chicago (WIN) White Sox : RHP Allen Speidel
|
Batting: RHB Matt Fabre
|
0-0: Called Strike 0-1: Ball 1-1: Ball 2-1: Called Strike 2-2: Foul Ball, location: 2F 2-2: Strikes out looking
|
Batting: RHB Steve Waltenbery
|
0-0: SINGLE (Line Drive, 8RS, EV 111.9 MPH)
|
Batting: LHB Freddy Troncoso
|
0-0: Ball 1-0: Called Strike 1-1: Called Strike 1-2: Grounds into double play, 4-6-3 (Groundball, 13, EV 89.4 MPH)
|
Bottom of the 3rd over - 0 runs, 1 hit, 0 errors, 0 left on base; Chicago (WIN) 0 - Asheville 0 |
TOP OF THE 4TH |
Chicago (WIN) White Sox batting - Pitching for Asheville Tourists : LHP Marc Eismann
|
Batting: LHB Angel Tellez
|
0-0: Ball 1-0: Ball 2-0: Called Strike 2-1: Ground out 6-3 (Groundball, 6, EV 111.2 MPH)
|
Batting: RHB Danny Longoria
|
0-0: Called Strike 0-1: Fly out, F7 (Flyball, 7D, EV 102.5 MPH)
|
Batting: LHB Ryan Dyal
|
0-0: Ball 1-0: Swinging Strike 1-1: Called Strike 1-2: Strikes out swinging
|
Top of the 4th over - 0 runs, 0 hits, 0 errors, 0 left on base; Chicago (WIN) 0 - Asheville 0 |
BOTTOM OF THE 4TH |
Asheville Tourists batting - Pitching for Chicago (WIN) White Sox : RHP Allen Speidel
|
Batting: LHB Steve Gilliam
|
0-0: Ball 1-0: Ball 2-0: Ball 3-0: Called Strike 3-1: Base on Balls
|
Batting: SHB Andy Vivas
|
0-0: Ball 1-0: Called Strike 1-1: Swinging Strike 1-2: Foul Ball, location: 2F 1-2: Foul Ball, location: 2F 1-2: Strikes out swinging
|
Batting: LHB Zack Guillen
|
0-0: Ball 1-0: Ball 2-0: Ball 3-0: Called Strike 3-1: Swinging Strike 3-2: Strikes out swinging
|
Batting: LHB Michael Krott
|
0-0: Called Strike Steve Gilliam steals 2nd base 0-1: Fly out, F9 (Flyball, 9D, EV 83.1 MPH)
|
Bottom of the 4th over - 0 runs, 0 hits, 0 errors, 1 left on base; Chicago (WIN) 0 - Asheville 0 |
TOP OF THE 5TH |
Chicago (WIN) White Sox batting - Pitching for Asheville Tourists : LHP Marc Eismann
|
Batting: RHB Jose Medina
|
0-0: Ball 1-0: Ball 2-0: Called Strike 2-1: Ball 3-1: Foul Ball, location: 2F 3-2: Foul Ball, location: 2F 3-2: Strikes out swinging
|
Batting: RHB John Iddings
|
0-0: Ball 1-0: Foul Ball, location: 2F 1-1: Called Strike 1-2: Ball 2-2: Foul Ball, location: 2F 2-2: Foul Ball, location: 2F 2-2: Ball 3-2: Foul Ball, location: 2F 3-2: Fly out, F7 (Flyball, 7LS, EV 96.2 MPH)
|
Batting: LHB John Thurman
|
0-0: Ball 1-0: Swinging Strike 1-1: Ball 2-1: Swinging Strike 2-2: Strikes out swinging
|
Top of the 5th over - 0 runs, 0 hits, 0 errors, 0 left on base; Chicago (WIN) 0 - Asheville 0 |
BOTTOM OF THE 5TH |
Asheville Tourists batting - Pitching for Chicago (WIN) White Sox : RHP Allen Speidel
|
Batting: RHB Ernest Olkowicz
|
0-0: Called Strike 0-1: Ball 1-1: Ground out 6-3 (Groundball, 4MS, EV 85.6 MPH)
|
Batting: LHB Ryan Rodgers
|
0-0: Called Strike 0-1: Ball 1-1: Swinging Strike 1-2: Strikes out swinging
|
Batting: RHB Matt Fabre
|
0-0: Called Strike 0-1: Ball 1-1: Called Strike 1-2: Strikes out looking
|
Bottom of the 5th over - 0 runs, 0 hits, 0 errors, 0 left on base; Chicago (WIN) 0 - Asheville 0 |
TOP OF THE 6TH |
Chicago (WIN) White Sox batting - Pitching for Asheville Tourists : LHP Marc Eismann
|
Batting: LHB Hirakito Herring
|
0-0: Foul Ball, location: 2F 0-1: Ground out 3-1 (Groundball, 13, EV 92.5 MPH)
|
Batting: RHB Brad Boals
|
0-0: Ball 1-0: Ball 2-0: Ball 3-0: Base on Balls
|
Pitching: RHP Javier Leon
|
|
Batting: RHB Jason Moss
|
0-0: Ball 1-0: Called Strike 1-1: Swinging Strike 1-2: Fly out, F7 (Flyball, 7D, EV 93.1 MPH)
|
Batting: LHB Angel Tellez
|
0-0: Ball 1-0: Ball 2-0: Called Strike 2-1: DOUBLE (Line Drive, 89D, EV 103.1 MPH) Brad Boals to third
|
Batting: RHB Danny Longoria
|
0-0: Ball 1-0: Called Strike 1-1: Foul Ball, location: 2F 1-2: Ball 2-2: Foul Ball, location: 2F 2-2: Ground out 5-3 (Groundball, 56S, EV 66.2 MPH)
|
Top of the 6th over - 0 runs, 1 hit, 0 errors, 2 left on base; Chicago (WIN) 0 - Asheville 0 |
BOTTOM OF THE 6TH |
Asheville Tourists batting - Pitching for Chicago (WIN) White Sox : RHP Allen Speidel
|
Batting: RHB Steve Waltenbery
|
0-0: Foul Ball, location: 2F 0-1: Swinging Strike 0-2: Strikes out swinging
|
Batting: LHB Freddy Troncoso
|
0-0: Ball 1-0: Called Strike 1-1: Called Strike 1-2: Ball 2-2: Ball 3-2: Base on Balls
|
Batting: LHB Steve Gilliam
|
0-0: Ball Freddy Troncoso is caught stealing 2nd base 2-6 1-0: Called Strike 1-1: Swinging Strike 1-2: Ball 2-2: Strikes out looking
|
Bottom of the 6th over - 0 runs, 0 hits, 0 errors, 0 left on base; Chicago (WIN) 0 - Asheville 0 |
TOP OF THE 7TH |
Chicago (WIN) White Sox batting - Pitching for Asheville Tourists : RHP Javier Leon
|
Batting: LHB Ryan Dyal
|
0-0: Ball 1-0: Called Strike 1-1: Ball 2-1: Foul Ball, location: 2F 2-2: Foul Ball, location: 2F 2-2: Strikes out swinging
|
Batting: RHB Jose Medina
|
0-0: Foul Ball, location: 2F 0-1: Ball 1-1: Ball 2-1: Swinging Strike 2-2: Strikes out looking
|
Batting: RHB John Iddings
|
0-0: Fly out, F8 (Flyball, 8LXD, EV 92.5 MPH)
|
Top of the 7th over - 0 runs, 0 hits, 0 errors, 0 left on base; Chicago (WIN) 0 - Asheville 0 |
BOTTOM OF THE 7TH |
Asheville Tourists batting - Pitching for Chicago (WIN) White Sox : RHP Allen Speidel
|
Batting: SHB Andy Vivas
|
0-0: Called Strike 0-1: Swinging Strike 0-2: Strikes out swinging
|
Pitching: RHP Michael McMurry
|
|
Batting: LHB Zack Guillen
|
0-0: Ball 1-0: Foul Ball, location: 2F 1-1: Foul Ball, location: 2F 1-2: Ball 2-2: Strikes out swinging
|
Batting: LHB Michael Krott
|
0-0: Ball 1-0: Swinging Strike 1-1: Foul Ball, location: 2F 1-2: Ball 2-2: Foul Ball, location: 2F 2-2: Strikes out swinging
|
Bottom of the 7th over - 0 runs, 0 hits, 0 errors, 0 left on base; Chicago (WIN) 0 - Asheville 0 |
TOP OF THE 8TH |
Chicago (WIN) White Sox batting - Pitching for Asheville Tourists : RHP Javier Leon
|
Batting: LHB John Thurman
|
0-0: Ball 1-0: Ball 2-0: SINGLE (Groundball, 25, EV 67.5 MPH) (infield hit)
|
Batting: LHB Hirakito Herring
|
0-0: Ball 1-0: Grounds into double play, 4-6-3 (Groundball, 4, EV 84.4 MPH)
|
Batting: RHB Brad Boals
|
0-0: Foul Ball, location: 2F 0-1: Ball 1-1: Swinging Strike 1-2: Ground out 6-3 (Groundball, 6, EV 86.9 MPH)
|
Top of the 8th over - 0 runs, 1 hit, 0 errors, 0 left on base; Chicago (WIN) 0 - Asheville 0 |
BOTTOM OF THE 8TH |
Asheville Tourists batting - Pitching for Chicago (WIN) White Sox : RHP Michael McMurry
|
Batting: RHB Ernest Olkowicz
|
0-0: Called Strike 0-1: Ball 1-1: Swinging Strike 1-2: Strikes out swinging
|
Batting: LHB Ryan Rodgers
|
0-0: Foul Ball, location: 2F 0-1: Ball 1-1: Ball 2-1: Ground out 6-3 (Groundball, 6, EV 83.1 MPH)
|
Batting: RHB Matt Fabre
|
0-0: Ground out 6-3 (Groundball, 6S, EV 73.1 MPH)
|
Bottom of the 8th over - 0 runs, 0 hits, 0 errors, 0 left on base; Chicago (WIN) 0 - Asheville 0 |
TOP OF THE 9TH |
Chicago (WIN) White Sox batting - Pitching for Asheville Tourists : RHP Javier Leon
|
Pitching: RHP Freddy Barahona
|
|
Batting: RHB Jason Moss
|
0-0: Called Strike 0-1: Ball 1-1: Swinging Strike 1-2: Ground out 5-3 (Groundball, 56, EV 83.8 MPH)
|
Batting: LHB Angel Tellez
|
0-0: Ball 1-0: Swinging Strike 1-1: Foul Ball, location: 2F 1-2: Foul Ball, location: 2F 1-2: Strikes out swinging
|
Batting: RHB Danny Longoria
|
0-0: Ball 1-0: Foul Ball, location: 2F 1-1: Swinging Strike 1-2: Fly out, F7 (Flyball, 7LMF, EV 88.8 MPH)
|
Top of the 9th over - 0 runs, 0 hits, 0 errors, 0 left on base; Chicago (WIN) 0 - Asheville 0 |
BOTTOM OF THE 9TH |
Asheville Tourists batting - Pitching for Chicago (WIN) White Sox : RHP Michael McMurry
|
Pinch Hitting: SHB Pete Perla
|
0-0: Ball 1-0: Foul Ball, location: 2F 1-1: Swinging Strike 1-2: Ground out 6-3 (Groundball, 6M, EV 81.9 MPH)
|
Batting: LHB Freddy Troncoso
|
0-0: Foul Ball, location: 2F 0-1: Ball 1-1: Fly out, F9 (Line Drive, 9, EV 90.0 MPH)
|
Batting: LHB Steve Gilliam
|
0-0: Called Strike 0-1: Ball 1-1: Ball 2-1: SINGLE (Groundball, 4S, EV 77.5 MPH) (infield hit)
|
Batting: SHB Andy Vivas
|
0-0: Ball 1-0: Called Strike 1-1: Ball 2-1: SINGLE (Line Drive, 7S, EV 112.5 MPH) Steve Gilliam to second
|
Pitching: RHP Tommy Benedict
|
|
Batting: LHB Zack Guillen
|
0-0: SINGLE (Groundball, 4S, EV 73.1 MPH) (infield hit) Steve Gilliam to third Andy Vivas to second
|
Batting: LHB Michael Krott
|
0-0: Foul Ball, location: 2F 0-1: Called Strike 0-2: Strikes out looking
|
Bottom of the 9th over - 0 runs, 3 hits, 0 errors, 3 left on base; Chicago (WIN) 0 - Asheville 0 |
TOP OF THE 10TH |
Chicago (WIN) White Sox batting - Pitching for Asheville Tourists : RHP Freddy Barahona
|
Now at SS: Nick Rang
|
|
Batting: LHB Ryan Dyal
|
0-0: DOUBLE (Line Drive, 7LM, EV 101.2 MPH)
|
Pinch Hitting: LHB Dustin Taylor
|
0-0: Intentional Walk
|
Batting: RHB John Iddings
|
0-0: SINGLE (Groundball, 34D, EV 94.4 MPH) Ryan Dyal to third Dustin Taylor to second
|
Batting: LHB John Thurman
|
0-0: Foul Ball, location: 2F 0-1: Swinging Strike 0-2: Ball 1-2: Foul Ball, location: 2F 1-2: Ball 2-2: Foul Ball, location: 2F 2-2: Ball 3-2: Foul Ball, location: 2F 3-2: Base on Balls Ryan Dyal scores Dustin Taylor to third John Iddings to second
|
Batting: LHB Hirakito Herring
|
0-0: Swinging Strike 0-1: Ball 1-1: Foul Ball, location: 2F 1-2: Strikes out swinging
|
Batting: RHB Brad Boals
|
0-0: Called Strike 0-1: Called Strike 0-2: Foul Ball, location: 2F 0-2: Ball 1-2: SINGLE (Groundball, 34, EV 94.4 MPH) Dustin Taylor scores John Iddings to third John Thurman to second Throwing error, E9 John Iddings scores John Thurman to third Brad Boals to second
|
Batting: RHB Jason Moss
|
0-0: Ground out 5-3 (Groundball, 5, EV 79.4 MPH)
|
Batting: LHB Angel Tellez
|
0-0: Intentional Walk
|
Batting: RHB Danny Longoria
|
0-0: Called Strike 0-1: Ground out 5-3 (Groundball, 56S, EV 89.4 MPH)
|
Top of the 10th over - 3 runs, 3 hits, 1 error, 3 left on base; Chicago (WIN) 3 - Asheville 0 |
BOTTOM OF THE 10TH |
Asheville Tourists batting - Pitching for Chicago (WIN) White Sox : RHP Tommy Benedict
|
Pitching: LHP Steven Wolf
|
|
Now at C: Ricardo Pagan
|
|
Batting: RHB Ernest Olkowicz
|
0-0: Ball 1-0: Foul Ball, location: 2F 1-1: Ball 2-1: Foul Ball, location: 2F 2-2: Strikes out swinging
|
Pinch Hitting: RHB Andy Solorzano
|
0-0: Ball 1-0: Swinging Strike 1-1: Ball 2-1: Called Strike 2-2: Foul Ball, location: 2F 2-2: Foul Ball, location: 2F 2-2: Foul Ball, location: 2F 2-2: SINGLE (Line Drive, 8RS, EV 97.5 MPH)
|
Batting: RHB Matt Fabre
|
0-0: Ball 1-0: Ball 2-0: Ball 3-0: Called Strike 3-1: Base on Balls Andy Solorzano to second
|
Batting: RHB Nick Rang
|
0-0: Swinging Strike 0-1: Ball 1-1: Ball 2-1: Ball 3-1: Base on Balls Andy Solorzano to third Matt Fabre to second
|
Batting: LHB Freddy Troncoso
|
0-0: Called Strike 0-1: Called Strike 0-2: Ball 1-2: Strikes out swinging
|
Batting: LHB Steve Gilliam
|
0-0: Ball 1-0: Called Strike 1-1: Called Strike 1-2: Foul Ball, location: 2F 1-2: Foul Ball, location: 2F 1-2: Strikes out swinging
|
Bottom of the 10th over - 0 runs, 1 hit, 0 errors, 3 left on base; Chicago (WIN) 3 - Asheville 0 |
|